 Dungeon Crawl Stone Soup version 0.31-a0-237-g2d982f9f85 (webtiles) character file.

Game seed: 17874163735908276746

158 qw the Shooter (level 5, -2/31 HPs)
             Began as a Gargoyle Hexslinger on July 10, 2023.
             Slain by an orc
             ... wielding a +0 hand axe
              (4 damage)
             ... on level 3 of the Dungeon.
             The game lasted 00:00:56 (1834 turns).

qw the Shooter (Gargoyle Hexslinger)                Turns: 1834, Time: 00:00:57

Health: -2/31      AC:  8    Str: 12    XL:     5   Next: 40%
Magic:  6/6        EV: 11    Int: 13    God:
Gold:   182        SH:  0    Dex: 14    Spells: 5/6 levels left

rFire   . . .        Y - +1 sling
rCold   . . .        (no shield)
rNeg    + . .        e - +0 leather armour
rPois   inf          (no helmet)
rElec   +            (no cloak)
rCorr   .            d - +0 pair of gloves
SInv    .            (no boots)
Will    .....        (no amulet)
Stlth   +            (no ring)
HPRegen 0.25/turn    (no ring)
MPRegen 0.10/turn

%: no passive effects
@: about to teleport
A: sickness immunity, AC +4, negative energy resistance 1, electricity
resistance, torment resistance 1, petrification resistance
a: no special abilities


You were on level 3 of the Dungeon.
You visited 1 branch of the dungeon, and saw 3 of its levels.

You collected 182 gold pieces.


Innate Abilities, Weirdness & Mutations

You are immune to sickness and miasma.
Your stone body is resilient. (AC +4)
You are immune to poison.
You resist negative energy. (rN+)
You are resistant to electric shocks. (rElec)
You are resistant to unholy torment.
You are immune to petrification.


   Skills:
 + Level 2.5 Fighting
 - Level 5.0 Ranged Weapons
 - Level 1.5 Dodging
 - Level 1.0 Spellcasting
 - Level 2.6 Hexes


You had 5 spell levels left.
You knew the following spells:

 Your Spells              Type           Power      Damage    Failure   Level
a - Slow                  Hex            28%        N/A       12%         1

Your spell library contained the following spells:

 Spells                   Type           Power      Damage    Failure   Level
 Inner Flame              Hex/Fire       4%         N/A       52%         3
 Portal Projectile        Hex/Tloc       8%         N/A       52%         3
 Cause Fear               Hex            3%         N/A       75%         4

Inventory:

Hand Weapons
 Y - a +1 sling (weapon)
Armour
 a - the +5 pair of gloves of Amorality {Harm rPois Str+5 Dex-2}
   (You found it on level 2 of the Dungeon)

   Str:       It affects your strength (+5).
   Dex:       It affects your dexterity (-2).
   rPois:     It protects you from poison.
   Harm:      It increases damage dealt and taken.
 d - a +0 pair of gloves (worn)
 e - a +0 leather armour (worn)
Scrolls
 h - a scroll of identify
Potions
 b - a potion of heal wounds {unknown}
 i - a potion of attraction {unknown}

Dungeon Overview and Level Annotations

Branches:
Dungeon (3/15)

Altars:
Cheibriados

Annotations:
D:2 1 runed translucent door, Crazy Yiuf
D:3 3 runed translucent doors, qw's ghost, amateur MiHs; qw's ghost, weakling GrHs; qw's ghost, weakling MiHs


Message History

The sling bullet hits the orc but does no damage.
The orc hits you with a +0 hand axe. The orc barely misses you.
An orc comes into view. It is wielding a +0 club.
You shoot a sling bullet. The sling bullet barely misses the orc.
The orc hits you with a +0 club. The orc closely misses you.
You shoot a sling bullet.
The sling bullet closely misses the orc.
The orc hits you but does no damage. x2; The orc barely misses you.
The orc misses you.
You shoot a sling bullet. The sling bullet hits the orc.
The orc is severely wounded.
The orc hits you with a +0 club. The orc hits you with a +0 hand axe.
The orc hits you but does no damage. The orc closely misses you.
You shoot a sling bullet. The sling bullet hits the orc!
You kill the orc!
The orc hits you but does no damage. The orc barely misses you.
The orc completely misses you.
You shoot a sling bullet.
The sling bullet closely misses the orc.
The orc hits you but does no damage. The orc hits you with a +0 hand axe.
The orc hits you with a +0 dagger. The orc hits you with a +0 club.
The orc hits you with a +0 dagger. The orc barely misses you.
1831 ||| READING scroll of teleportation.
As you read the scroll of teleportation, it crumbles to dust.
You feel strangely unstable.
The giant cockroach waves its antennae.
The orc barely misses you. The orc hits you with a +0 dagger.
The orc hits you with a +0 hand axe.
You shoot a sling bullet. The sling bullet hits the orc.
The orc is heavily wounded.
The orc barely misses you. The orc closely misses you.
The orc hits you but does no damage.
You shoot a sling bullet. The sling bullet hits the orc.
You kill the orc!
The orc closely misses you. The orc barely misses you.
You shoot a sling bullet.
The sling bullet hits the giant cockroach.
You kill the giant cockroach!
The orc closely misses you. The orc hits you with a +0 hand axe.
You die...

<.# #..# ..#####.###
..#.......####
..#.#####....#
.)..#....###...# ###$
#####.##'#####.### .....
%...........##...##.....
#####..........#))....#
###.....##.#@o....#
#.....##+#o#....#
#[.........# .....
#.....%....# .... #
#....%.....# ... ##
######.....+ .. 8#
#.....# . .( ####### .$


You could see 2 orcs.

Vanquished Creatures
  Natasha (D:2)
  6 adders
  3 worms
  2 dart slugs (D:1)
  3 orcs (D:3)
  3 ball pythons
  8 endoplasms
  5 giant cockroaches
  4 goblins (D:3)
  5 hobgoblins
  8 kobolds
  3 quokkas
  5 bats
  6 rats
62 creatures vanquished.

Notes
Turn   | Place    | Note
-------+----------+-------------------------------------------
     0 | D:1      | qw the Gargoyle Hexslinger began the quest for the Orb.
     0 | D:1      | Reached XP level 1. HP: 12/12 MP: 2/2
     0 | D:1      | 0 ||| qw: Version: 0.3-a-52-g30416fa
     0 | D:1      | 0 ||| qw: Game counter: 5242
     0 | D:1      | 0 ||| qw: Melee chars always use a shield: true
     0 | D:1      | 0 ||| qw: God list: Okawaru
     0 | D:1      | 0 ||| qw: Allow faded altars: false
     0 | D:1      | 0 ||| qw: Do Orc after clearing Dungeon:15 true
     0 | D:1      | 0 ||| qw: Do second Lair branch before Depths: true
     0 | D:1      | 0 ||| qw: Lair rune preference: random
     0 | D:1      | 0 ||| qw: Goals: Normal
     0 | D:1      | 0 ||| PLANNING D:1-11
    73 | D:1      | Reached XP level 2. HP: 16/16 MP: 3/3
   237 | D:1      | Reached skill level 3 in Ranged Weapons
   405 | D:1      | Reached XP level 3. HP: 21/21 MP: 4/4
   423 | D:1      | Found a faded altar of an unknown god.
   713 | D:1      | 713 ||| READING scroll labelled BEFFOF KASALA.
   714 | D:1      | 714 ||| READING scroll labelled JARERUASCHU.
   715 | D:1      | 715 ||| READING scroll labelled NIYBLI BEMAH.
   716 | D:1      | 716 ||| READING 2 scrolls labelled JUIQYORHEWOV.
   721 | D:1      | 721 ||| READING 2 scrolls labelled TESSAF ISAELAD.
   722 | D:1      | 722 ||| DROPPING scroll of poison.
   834 | D:2      | Identified the +5 pair of gloves of Amorality {Harm rPois
                  | Str+5 Dex-2}
   956 | D:2      | Reached skill level 4 in Ranged Weapons
   956 | D:2      | Reached XP level 4. HP: 22/26 MP: 5/5
  1001 | D:2      | Found a snail-covered altar of Cheibriados.
  1191 | D:2      | Found a runed translucent door.
  1192 | D:2      | Noticed Crazy Yiuf
  1252 | D:2      | Noticed Natasha
  1256 | D:2      | Killed Natasha
  1422 | D:2      | 1422 ||| UPGRADING to +0 pair of gloves.
  1427 | D:2      | 1427 ||| UPGRADING to +0 leather armour.
  1437 | D:2      | 1437 ||| DROPPING +0 robe.
  1438 | D:2      | 1438 ||| READING 2 scrolls of identify.
  1438 | D:2      | 1438 ||| IDENTIFYING smoky brown potion
  1439 | D:2      | 1439 ||| DROPPING potion of degeneration.
  1572 | D:3      | Reached XP level 5. HP: 30/30 MP: 6/6
  1707 | D:3      | Reached skill level 5 in Ranged Weapons
  1722 | D:3      | Found a runed translucent gate.
  1723 | D:3      | Found a runed translucent gate.
  1724 | D:3      | Found a runed translucent gate.
  1725 | D:3      | Noticed qw's ghost (weakling GrHs)
  1726 | D:3      | Noticed qw's ghost (amateur MiHs)
  1726 | D:3      | Noticed qw's ghost (weakling MiHs)
  1830 | D:3      | HP: 7/31 [orc/+0 dagger (4)]
  1831 | D:3      | 1831 ||| READING scroll of teleportation.
  1831 | D:3      | HP: 2/31 [orc/+0 hand axe (3)]
  1834 | D:3      | Slain by an orc

Levels and vault maps discovered:
D:1:      tarquinn_simple_flora_water_e, layout_loops_cross,
          chequers_ecumenical_altar_lobes
D:2:      layout_basic, basic_altar, uniq_natasha, uniq_crazy_yiuf_cottage
D:3:      layout_basic, gammafunk_ghost_cemetery, kennysheep_cluttered_room,
          amcnicky_mini_corridor_feature

Skill      XL: |  1  2  3  4  5 |
---------------+----------------+-----
Ranged Weapons | 3 4 5 |  5.0
Fighting       | 2 |  2.5
Dodging        | |  1.5
Spellcasting   | |  1.0
Hexes          | |  2.6

Action                     |  1- 3 |  4- 6 || total
---------------------------+-------+-------++-------
   Fire: Sling             |   143 |   103 ||   246
    Use: Scroll            |     5 |     2 ||     7
 Armour: Robe              |    33 |     1 ||    34
         Leather armour    |       |    20 ||    20
  Dodge: Dodged            |    71 |    30 ||   101

Table legend:
 A = Non-vault XP
 B = Vault XP
 C = Vault XP percentage of total XP
 D = Non-vault monster count
 E = Vault monster count
 F = Vault count percentage of total count
                 A         B        C        D         E       F
            +---------+---------+-------+---------+---------+-------
      Total |     194 |      35 |  15.3 |      61 |       1 |   1.6
            +---------+---------+-------+---------+---------+-------
        D:1 |      45 |       0 |   0.0 |      24 |       0 |   0.0
        D:2 |      66 |      35 |  34.7 |      16 |       1 |   5.9
        D:3 |      83 |       0 |   0.0 |      21 |       0 |   0.0
            +---------+---------+-------+---------+---------+-------
